General information
- name: BNet
- type: Ladder team game (AT/RT)
- host: Battle.net
- saver: dogsandhorse.ru
map: Mur'gulOasis
- players: 8
- length: 33:17
- speed: Fast
- version: 1.26 W3XP
- replay type:

» download(335 KB)
Players
team 1 (winner)
Birdeneering (
orange | 142 APM | 4728 actions | 33:16)
5 Mountain King
3 Storm Bolt
2 Bash
5 Paladin
3 Holy Light
2 Divine Shield
4 Blood Mage
2 Banish
2 Siphon Mana
» actions
| Assign group hotkey | 330 | |
| Basic commands | 35 | |
| Build / train | 98 | |
| Enter build submenu | 39 | |
| Enter hero's abilities submenu | 14 | |
| Give item / drop item | 4 | |
| Right click | 2297 | |
| Select / deselect | 246 | |
| Select group hotkey | 1450 | |
| Use ability | 215 | |
4728 total
» units
» upgrades
| Masonry | 3 | |
| Lumber Harvesting | 2 | |
| Magic Sentry | 1 | |
6 total
» buildings
| Altar of Kings | 1 | |
| Farm | 4 | |
| Lumber Mill | 1 | |
| Scout Tower | 28 | |
| Arcane Tower | 11 | |
| Guard Tower | 20 | |
| Arcane Vault | 2 | |
| Keep | 1 | |
| Arcane Sanctum | 1 | |
| Castle | 1 | |
70 total
» build order
00:05 Altar of Kings
00:21 Farm
00:41 Lumber Mill
00:51 Farm
01:06 Scout Tower
01:32 Arcane Tower
01:34 Scout Tower
01:53 Farm
01:59 Scout Tower
02:00 Arcane Tower
02:01 Arcane Tower
02:01 Arcane Tower
02:18 Scout Tower
02:19 Scout Tower
02:34 Scout Tower
02:45 Scout Tower
03:01 Guard Tower
03:17 Guard Tower
03:22 Arcane Tower
03:22 Arcane Tower
03:23 Arcane Tower
04:00 Guard Tower
04:03 Scout Tower
04:15 Guard Tower
04:21 Arcane Vault
04:25 Scout Tower
04:25 Scout Tower
04:34 Guard Tower
04:36 Scout Tower
04:37 Arcane Vault
04:44 Keep
05:06 Guard Tower
05:19 Guard Tower
05:21 Scout Tower
05:30 Guard Tower
05:34 Scout Tower
05:35 Scout Tower
05:50 Guard Tower
05:52 Scout Tower
06:03 Guard Tower
06:14 Farm
06:33 Guard Tower
06:35 Scout Tower
06:39 Guard Tower
06:41 Scout Tower
06:41 Scout Tower
07:07 Arcane Tower
07:11 Scout Tower
07:12 Scout Tower
07:22 Arcane Sanctum
07:45 Guard Tower
07:46 Castle
07:48 Scout Tower
07:49 Scout Tower
08:00 Guard Tower
08:53 Guard Tower
08:56 Scout Tower
08:57 Scout Tower
08:59 Arcane Tower
08:59 Guard Tower
10:06 Guard Tower
10:07 Scout Tower
10:13 Scout Tower
10:14 Scout Tower
11:28 Guard Tower
20:18 Scout Tower
21:12 Guard Tower
» items
| Scroll of Regeneration | 8 | |
| Scroll of Town Portal | 3 | |
| Staff of Sanctuary | 3 | |
| Boots of Speed | 3 | |
| Staff of Teleportation | 3 | |
| Orb of Lightning | 3 | |
| Periapt of Vitality | 1 | |
| Circlet of Nobility | 1 | |
25 total
dogsandhorse.ru (
yellow | 119 APM | 3949 actions | 33:17)
5 Warden
3 Shadow Strike
2 Blink
» actions
| Assign group hotkey | 8 | |
| Basic commands | 3 | |
| Build / train | 78 | |
| ESC pressed | 1 | |
| Enter build submenu | 15 | |
| Enter hero's abilities submenu | 5 | |
| Give item / drop item | 2 | |
| Right click | 2952 | |
| Select / deselect | 222 | |
| Select group hotkey | 500 | |
| Use ability | 163 | |
3949 total
» units
| Wisp | 15 | |
| Hippogryph | 12 | |
| Chimaera | 7 | |
| Makrura Deepseer | 1 | |
35 total
» upgrades
| Ultravision | 1 | |
| Strength of the Wild | 2 | |
| Well Spring | 1 | |
| Nature's Blessing | 1 | |
| Corrosive Breath | 1 | |
6 total
» buildings
| Altar of Elders | 1 | |
| Moon Well | 10 | |
| Hunter's Hall | 1 | |
| Tree of Ages | 1 | |
| Ancient of Wonders | 1 | |
| Tree of Eternity | 1 | |
| Ancient of Wind | 1 | |
| Chimaera Roost | 1 | |
17 total
» build order
00:09 Altar of Elders
00:19 Moon Well
01:50 Hunter's Hall
02:00 Moon Well
04:39 Tree of Ages
04:45 Ancient of Wonders
05:52 Moon Well
05:53 Moon Well
07:02 Tree of Eternity
07:06 Ancient of Wind
07:44 Moon Well
07:46 Moon Well
10:49 Chimaera Roost
12:16 Moon Well
12:17 Moon Well
12:18 Moon Well
12:21 Moon Well
» items
| Boots of Speed | 1 | |
| Dust of Appearance | 3 | |
| Staff of Teleportation | 1 | |
| Healing Salve | 7 | |
| Lesser Clarity Potion | 11 | |
| Anti-magic Potion | 1 | |
| Orb of Venom | 1 | |
| Potion of Healing | 3 | |
28 total
IggyIsWrong (
teal | 109 APM | 3640 actions | 33:16)
8 Blademaster
3 Wind Walk
3 Critical Strike
1 Bladestorm
1 Mirror Image
» actions
| Assign group hotkey | 189 | |
| Basic commands | 24 | |
| Build / train | 77 | |
| ESC pressed | 8 | |
| Enter build submenu | 53 | |
| Enter hero's abilities submenu | 8 | |
| Remove unit from queue | 1 | |
| Right click | 2328 | |
| Select / deselect | 470 | |
| Select group hotkey | 128 | |
| Use ability | 354 | |
3640 total
» units
» upgrades
| Spiked Barricades | 2 | |
| Liquid Fire | 1 | |
| Ranged Weapons | 3 | |
| Armor | 2 | |
8 total
» buildings
| Altar of Storms | 1 | |
| Orc Burrow | 4 | |
| War Mill | 2 | |
| Voodoo Lounge | 5 | |
| Watch Tower | 65 | |
| Stronghold | 4 | |
| Fortress | 4 | |
| Beastiary | 3 | |
| Great Hall | 2 | |
90 total
» build order
00:05 Altar of Storms
00:06 Orc Burrow
00:44 War Mill
00:50 War Mill
01:47 Voodoo Lounge
02:00 Orc Burrow
02:12 Watch Tower
02:32 Watch Tower
02:55 Watch Tower
03:26 Watch Tower
03:35 Watch Tower
04:11 Watch Tower
05:10 Watch Tower
06:14 Watch Tower
06:15 Watch Tower
06:40 Stronghold
06:40 Stronghold
06:41 Stronghold
07:04 Watch Tower
07:04 Watch Tower
07:06 Watch Tower
07:07 Watch Tower
07:52 Watch Tower
07:53 Watch Tower
07:55 Watch Tower
07:56 Watch Tower
08:24 Watch Tower
09:18 Fortress
09:18 Fortress
09:19 Fortress
09:44 Watch Tower
10:33 Voodoo Lounge
10:34 Watch Tower
11:10 Watch Tower
11:48 Voodoo Lounge
11:51 Voodoo Lounge
11:59 Voodoo Lounge
13:06 Beastiary
13:07 Beastiary
13:09 Orc Burrow
13:11 Orc Burrow
15:15 Beastiary
15:44 Watch Tower
15:45 Watch Tower
15:46 Watch Tower
15:47 Watch Tower
15:48 Watch Tower
15:48 Watch Tower
15:51 Watch Tower
15:52 Watch Tower
15:52 Watch Tower
15:54 Watch Tower
15:54 Watch Tower
15:55 Watch Tower
15:56 Watch Tower
15:57 Watch Tower
18:16 Watch Tower
18:16 Watch Tower
23:42 Great Hall
23:43 Watch Tower
23:44 Watch Tower
23:45 Watch Tower
23:45 Watch Tower
23:46 Watch Tower
23:46 Watch Tower
23:50 Watch Tower
23:50 Watch Tower
23:56 Watch Tower
23:57 Watch Tower
23:58 Watch Tower
23:58 Watch Tower
23:59 Watch Tower
24:00 Watch Tower
24:01 Watch Tower
24:01 Watch Tower
24:01 Watch Tower
24:02 Watch Tower
24:02 Watch Tower
24:02 Watch Tower
24:03 Watch Tower
24:03 Watch Tower
24:03 Watch Tower
24:04 Watch Tower
24:04 Watch Tower
24:24 Great Hall
25:37 Watch Tower
25:42 Watch Tower
25:42 Watch Tower
» items
| Lesser Clarity Potion | 8 | |
| Healing Salve | 3 | |
| Boots of Speed | 1 | |
| Staff of Teleportation | 1 | |
| Orb of Lightning | 1 | |
14 total
nutsonyochin.de (
purple | 119 APM | 3964 actions | 33:16)
6 Mountain King
3 Storm Bolt
2 Bash
1 Avatar
5 Paladin
3 Holy Light
2 Divine Shield
4 Archmage
2 Brilliance Aura
2 Blizzard
» actions
| Assign group hotkey | 7 | |
| Basic commands | 129 | |
| Build / train | 93 | |
| ESC pressed | 1 | |
| Enter build submenu | 31 | |
| Enter hero's abilities submenu | 16 | |
| Give item / drop item | 1 | |
| Right click | 2150 | |
| Select / deselect | 239 | |
| Select group hotkey | 1049 | |
| Use ability | 248 | |
3964 total
» units
» upgrades
» buildings
| Altar of Kings | 1 | |
| Farm | 3 | |
| Lumber Mill | 1 | |
| Scout Tower | 26 | |
| Arcane Tower | 6 | |
| Guard Tower | 21 | |
| Keep | 1 | |
| Arcane Sanctum | 1 | |
| Arcane Vault | 2 | |
| Castle | 1 | |
63 total
» build order
00:12 Altar of Kings
00:13 Farm
00:16 Lumber Mill
00:50 Scout Tower
01:18 Scout Tower
01:27 Arcane Tower
01:46 Arcane Tower
01:47 Arcane Tower
01:47 Arcane Tower
01:53 Farm
01:57 Farm
02:04 Scout Tower
02:24 Scout Tower
02:33 Guard Tower
02:33 Guard Tower
02:36 Scout Tower
02:53 Guard Tower
02:55 Scout Tower
03:08 Guard Tower
03:09 Scout Tower
03:20 Scout Tower
03:58 Guard Tower
03:59 Scout Tower
04:17 Scout Tower
04:18 Keep
04:28 Guard Tower
04:31 Scout Tower
04:34 Scout Tower
04:34 Scout Tower
04:54 Guard Tower
05:05 Guard Tower
05:07 Scout Tower
05:11 Guard Tower
05:14 Guard Tower
05:14 Guard Tower
05:35 Guard Tower
05:45 Scout Tower
05:47 Scout Tower
05:49 Scout Tower
05:58 Scout Tower
05:59 Scout Tower
06:00 Scout Tower
06:57 Arcane Tower
07:00 Scout Tower
07:27 Guard Tower
07:29 Arcane Sanctum
07:37 Arcane Tower
09:38 Arcane Vault
09:39 Castle
10:37 Scout Tower
11:08 Arcane Vault
11:10 Guard Tower
20:56 Scout Tower
20:57 Scout Tower
20:58 Scout Tower
20:58 Scout Tower
22:06 Guard Tower
22:08 Guard Tower
22:09 Guard Tower
22:09 Guard Tower
22:09 Guard Tower
» items
| Staff of Teleportation | 3 | |
| Boots of Speed | 7 | |
| Healing Salve | 2 | |
| Lesser Clarity Potion | 5 | |
| Orb of Lightning | 2 | |
| Staff of Sanctuary | 3 | |
22 total
team 2 (loser)
Revoken (
blue | 32 APM | 1051 actions | 33:15)
3 Blademaster
2 Critical Strike
1 Wind Walk
» actions
| Build / train | 46 | |
| ESC pressed | 6 | |
| Enter build submenu | 19 | |
| Enter hero's abilities submenu | 1 | |
| Give item / drop item | 1 | |
| Right click | 630 | |
| Select / deselect | 320 | |
| Use ability | 28 | |
1051 total
» units
| Peon | 15 | |
| Grunt | 14 | |
| Troll Headhunter/Berserker | 7 | |
| Demolisher | 2 | |
38 total
» upgrades
| Berserker Strength | 1 | |
| Troll Regeneration | 1 | |
2 total
» buildings
| Barracks | 1 | |
| Altar of Storms | 2 | |
| Orc Burrow | 3 | |
| War Mill | 2 | |
| Watch Tower | 6 | |
| Voodoo Lounge | 1 | |
| Stronghold | 1 | |
16 total
» build order
00:22 Barracks
01:00 Altar of Storms
01:24 Orc Burrow
05:47 War Mill
11:09 War Mill
12:34 Watch Tower
12:37 Watch Tower
13:00 Watch Tower
15:12 Watch Tower
16:47 Orc Burrow
17:40 Altar of Storms
18:17 Voodoo Lounge
20:00 Watch Tower
20:10 Stronghold
21:28 Orc Burrow
25:28 Watch Tower
» items

»
thal1 (
red | 103 APM | 3403 actions | 32:57)
4 Death Knight
2 Death Coil
2 Unholy Aura
3 Lich
2 Frost Nova
1 Frost Armor
» actions
| Assign group hotkey | 70 | |
| Basic commands | 36 | |
| Build / train | 65 | |
| Enter build submenu | 15 | |
| Enter hero's abilities submenu | 7 | |
| Give item / drop item | 3 | |
| Remove unit from queue | 3 | |
| Right click | 2070 | |
| Select / deselect | 527 | |
| Select group hotkey | 513 | |
| Use ability | 94 | |
3403 total
» units
| Acolyte | 2 | |
| Ghoul | 3 | |
| Crypt Fiend | 14 | |
| Obsidian Statue | 4 | |
| Frost Wyrm | 4 | |
| Necromancer | 3 | |
| Meatwagon | 1 | |
31 total
» upgrades
| Web | 1 | |
| Creature Attack | 3 | |
| Creature Carapace | 2 | |
| Destroyer Form | 1 | |
| Necromancer Training | 2 | |
| Exhume Corpses | 1 | |
10 total
» buildings
| Crypt | 2 | |
| Altar of Darkness | 1 | |
| Ziggurat | 6 | |
| Graveyard | 1 | |
| Nerubian Tower | 1 | |
| Halls of the Dead | 1 | |
| Slaughterhouse | 1 | |
| Tomb of Relics | 1 | |
| Black Citadel | 1 | |
| Sacrificial Pit | 1 | |
| Boneyard | 1 | |
| Temple of the Damned | 1 | |
18 total
» build order
00:13 Crypt
00:30 Altar of Darkness
00:45 Ziggurat
01:30 Graveyard
02:02 Nerubian Tower
02:23 Ziggurat
03:26 Halls of the Dead
05:38 Ziggurat
06:52 Slaughterhouse
07:02 Tomb of Relics
07:16 Crypt
08:34 Black Citadel
10:09 Ziggurat
10:36 Sacrificial Pit
11:50 Ziggurat
11:51 Ziggurat
15:15 Boneyard
20:54 Temple of the Damned
» items
| Rod of Necromancy | 2 | |
| Potion of Healing | 3 | |
| Potion of Lesser Invulnerability | 1 | |
6 total
tnt-lury (
pink | 45 APM | 1474 actions | 33:03)
4 Blademaster
2 Wind Walk
2 Critical Strike
2 Tauren Chieftain
1 War Stomp
1 Endurance Aura
» actions
| Assign group hotkey | 36 | |
| Build / train | 64 | |
| Enter build submenu | 17 | |
| Enter hero's abilities submenu | 6 | |
| Right click | 728 | |
| Select / deselect | 351 | |
| Select group hotkey | 208 | |
| Use ability | 64 | |
1474 total
» units
| Peon | 6 | |
| Grunt | 6 | |
| Shaman | 13 | |
| Demolisher | 5 | |
| Tauren | 13 | |
43 total
» upgrades
| Berserker Strength | 1 | |
| Shaman Training | 2 | |
| Melee Weapons | 2 | |
| Burning Oil | 1 | |
| Pulverize | 1 | |
| Armor | 2 | |
9 total
» buildings
| Orc Burrow | 8 | |
| Barracks | 1 | |
| Altar of Storms | 1 | |
| Stronghold | 1 | |
| Voodoo Lounge | 1 | |
| War Mill | 1 | |
| Spirit Lodge | 1 | |
| Fortress | 1 | |
| Tauren Totem | 2 | |
17 total
» build order
00:12 Orc Burrow
00:25 Barracks
00:43 Altar of Storms
01:40 Orc Burrow
03:10 Stronghold
03:16 Orc Burrow
05:27 Voodoo Lounge
05:39 War Mill
05:57 Orc Burrow
06:07 Spirit Lodge
07:00 Orc Burrow
08:29 Fortress
12:46 Tauren Totem
12:51 Tauren Totem
14:36 Orc Burrow
14:40 Orc Burrow
15:36 Orc Burrow
» items
zyrakk (
green | 73 APM | 2398 actions | 33:02)
4 Blademaster
2 Wind Walk
2 Critical Strike
3 Shadow Hunter
1 Hex
2 Healing Wave
3 Tauren Chieftain
1 War Stomp
1 Shockwave
1 Endurance Aura
» actions
| Assign group hotkey | 211 | |
| Basic commands | 400 | |
| Build / train | 70 | |
| ESC pressed | 5 | |
| Enter build submenu | 12 | |
| Enter hero's abilities submenu | 10 | |
| Give item / drop item | 1 | |
| Right click | 780 | |
| Select / deselect | 551 | |
| Select group hotkey | 264 | |
| Use ability | 92 | |
2398 total
» units
| Peon | 6 | |
| Grunt | 4 | |
| Troll Headhunter/Berserker | 9 | |
| Tauren | 12 | |
| Demolisher | 3 | |
34 total
» upgrades
| Berserker Strength | 1 | |
| Berserker Upgrade | 1 | |
| Melee Weapons | 3 | |
| Troll Regeneration | 1 | |
| Pulverize | 1 | |
| Ranged Weapons | 1 | |
| Burning Oil | 1 | |
9 total
» buildings
| Orc Burrow | 6 | |
| Altar of Storms | 1 | |
| Barracks | 1 | |
| Stronghold | 1 | |
| Voodoo Lounge | 1 | |
| War Mill | 1 | |
| Fortress | 1 | |
| Tauren Totem | 1 | |
| Great Hall | 1 | |
14 total
» build order
00:26 Orc Burrow
00:37 Altar of Storms
01:45 Barracks
02:16 Orc Burrow
03:36 Stronghold
05:26 Voodoo Lounge
06:06 Orc Burrow
07:30 War Mill
08:10 Fortress
10:52 Tauren Totem
10:56 Orc Burrow
20:42 Orc Burrow
21:38 Orc Burrow
27:34 Great Hall
» items
| Lesser Clarity Potion | 1 | |
| Healing Salve | 5 | |
| Scroll of Town Portal | 2 | |
| Potion of Healing | 2 | |
| Potion of Mana | 2 | |
12 total
Chat log
(00:25 / All) dogsandhorse.ru: hgowdy ALL
(00:33 / All) tnt-lury: hej
(00:35 / All) dogsandhorse.ru: MY veal carbonara guy is at door 1 sec
(00:37 / All) Revoken: galscrove
(03:05 / All) nutsonyochin.de: this veal delivery man is out of this world !
(03:14 / All) dogsandhorse.ru: GRAZIE
(05:34 / All) dogsandhorse.ru: TRY, MY, VEAL
(06:13 / All) dogsandhorse.ru: THAT,LOOKS,LIKE,IT,FOR,TREES
(08:43 / All) zyrakk: you! bunker-boy!
(08:49 / All) tnt-lury: hahaha!!!
(09:03 / All) dogsandhorse.ru: ARRIVEDERCI ORCO
(13:48 / All) IggyIsWrong: hi brian
(14:00 / All) dogsandhorse.ru: EXCELLENTE!
(18:18 / All) dogsandhorse.ru: DELICIOSO
(23:12 / All) Birdeneering: hur går det
(23:21 / All) tnt-lury: skit :)
(23:38 / All) dogsandhorse.ru: YOWOW,THIS,IS,QUITE,A,TIP!
(32:52 / All) zyrakk: gg
(32:57 / All) Birdeneering: inte riktigt
(32:57 / All) IggyIsWrong: was it... tho ?
(32:58 / All) dogsandhorse.ru: ENJOY,YOUR,MEAL
(33:02 / All) Birdeneering: vi byggde inga enheter
(33:04 / All) IggyIsWrong: let's ask Veal Man to find out!!
(33:15 / All) dogsandhorse.ru: DOLCE